 Dungeon Crawl Stone Soup version 0.21.1-1-g345015f (webtiles) character file.

119 Machinecode the Slasher (level 4, -3/34 HPs)
             Began as a Demonspawn Gladiator on May 8, 2018.
             Slain by a gnoll
             ... wielding a +0 spear
              (6 damage)
             ... on level 2 of the Dungeon.
             The game lasted 00:09:12 (1197 turns).

Machinecode the Slasher (Demonspawn Gladiator)      Turns: 1197, Time: 00:09:12

Health: -3/34      AC:  5    Str: 16    XL:     4   Next: 74%
Magic:  4/4        EV: 13    Int:  9    God:
Gold:   101        SH:  0    Dex: 14    Spells: 3/3 levels left

rFire    + . .     SeeInvis .   a - +1 long sword
rCold    . . .     Gourm    .   (no shield)
rNeg     . . .     Faith    .   b - +0 leather armour
rPois    .         Spirit   .   c - +1 helmet
rElec    .         Reflect  .   (no cloak)
rCorr    .         Harm     .   (no gloves)
MR       .....                  (no boots)
Stlth    +.........             (no amulet)
HPRegen  0.11/turn              (no ring)
MPRegen  0.09/turn              (no ring)

@: no status effects
A: claws 1, fire resistance 1
a: no special abilities


You were on level 2 of the Dungeon.
You were very hungry.

You visited 1 branch of the dungeon, and saw 2 of its levels.

You collected 101 gold pieces.

Inventory:

Hand Weapons
 a - a +1 long sword (weapon)
 o - a +0 hand axe
Missiles
 d - 3 throwing nets (quivered)
Armour
 b - a +0 leather armour (worn)
 c - a +1 helmet (worn)
 g - a +0 scale mail
 i - a +0 ring mail
 k - a +0 leather armour
 n - a +0 ring mail
 q - a +0 robe
 s - a +0 ring mail
 u - a +0 shield
Scrolls
 e - a scroll of random uselessness {unknown}
 j - 2 scrolls of identify
Potions
 h - a potion of degeneration
 m - a potion of agility {unknown}
 p - 2 potions of curing {unknown}
Comestibles
 f - 2 rations


   Skills:
 + Level 2.3 Fighting
 + Level 4.2 Long Blades
 + Level 1.9 Throwing
 + Level 0.7 Armour
 + Level 3.3 Dodging


You had 3 spell levels left.
You didn't know any spells.

Dungeon Overview and Level Annotations

Branches:
Dungeon (2/15)

Altars:


Innate Abilities, Weirdness & Mutations

You have sharp fingernails.
Your flesh is heat resistant. (rF+)


Message History

You slash the gnoll!
You kill the gnoll!
The gnoll hits you from afar with a spear.
* * * LOW HITPOINT WARNING * * *
The gnoll barely misses you.
You riposte.
You closely miss the gnoll. You slash the gnoll!
The gnoll is heavily wounded.
The gnoll hits you but does no damage. The gnoll closely misses you.
You closely miss the gnoll.
The gnoll is heavily wounded.
The gnoll hits you with a spear.
* * * LOW HITPOINT WARNING * * *
You barely miss the gnoll.
The gnoll is heavily wounded.
The gnoll closely misses you.
You riposte.
You barely miss the gnoll.
The gnoll is heavily wounded.
You hit the gnoll.
The gnoll is severely wounded.
The gnoll hits you with a spear.
You die...

#.# #.# #..#.###
#.# #.# #..#[# #.#
#.# #..#.# #.#
##.# #..#.#
#.####..#####..#.#
#...........#..#..
#...........#.....
.....####.###..# #
..#####
#.....g@##.#
#.)####)...# #..#
####.# #.g# #
#.... #..### ...>
...#. ########
.#.... #.......


You could see a gnoll.

Vanquished Creatures
  Natasha (twice) (D:2)
  3 gnolls (D:2)
  An adder (D:2)
  A worm (D:2)
  6 bats
  2 giant cockroaches (D:1)
  4 goblins (D:1)
  2 hobgoblins (D:1)
  2 ball pythons (D:1)
  3 frilled lizards
  2 kobolds
  6 rats
34 creatures vanquished.

Notes
Turn   | Place    | Note
-------+----------+-------------------------------------------
     0 | D:1      | Machinecode the Demonspawn Gladiator began the quest for the Orb.
     0 | D:1      | Reached XP level 1. HP: 16/16 MP: 1/1
   210 | D:1      | Reached skill level 3 in Long Blades
   210 | D:1      | Gained mutation: You have sharp fingernails. [demonic ancestry]
   210 | D:1      | Reached XP level 2. HP: 21/22 MP: 2/2
   777 | D:2      | Noticed Natasha
   783 | D:2      | Killed Natasha
   783 | D:2      | Gained mutation: Your flesh is heat resistant. (rF+) [demonic ancestry]
   783 | D:2      | Reached XP level 3. HP: 5/27 MP: 3/3
  1121 | D:2      | Noticed Natasha
  1129 | D:2      | Killed Natasha
  1129 | D:2      | Reached skill level 4 in Long Blades
  1129 | D:2      | Reached XP level 4. HP: 25/33 MP: 4/4
  1197 | D:2      | Slain by a gnoll

Skill      XL: |  1  2  3 |
---------------+----------+-----
Long Blades    | 3 4 |  4.2
Dodging        | 3 |  3.3
Fighting       | |  2.3
Throwing       | |  1.9
Armour         | |  0.7

Action                   |  1- 3 |  4- 6 || total
-------------------------+-------+-------++-------
Melee: Long sword        |    85 |    26 ||   111
  Use: Scroll            |     8 |       ||     8
       Potion            |       |     1 ||     1
Armor: Leather armour    |    26 |    10 ||    36
Dodge: Dodged            |    84 |    38 ||   122
       Rpst.: Long sword |    26 |     8 ||    34
